 Dungeon Crawl Stone Soup version 0.30-a0-4-ga7cffc901d (webtiles) character file.

Game seed: 5009347856576301713

6 Setbun the Ducker (level 2, 0/21 HPs)
             Began as a Human Wanderer on Aug 20, 2022.
             Slain by a goblin
             ... wielding a +0 club
              (1 damage)
             ... on level 1 of the Dungeon.
             The game lasted 00:00:28 (88 turns).

Setbun the Ducker (Human Wanderer)                    Turns: 88, Time: 00:00:29

Health: 0/21       AC:  3    Str: 12    XL:     2   Next: 0%
Magic:  3/3        EV: 12    Int: 13    God:
Gold:   10         SH:  0    Dex: 11    Spells: 2/3 levels left

rFire   . . .      SeeInvis .    a - +0 hand axe
rCold   . . .      Faith    .    (no shield)
rNeg    . . .      Spirit   .    d - +0 robe
rPois   .          Reflect  .    (no helmet)
rElec   .          Harm     .    (no cloak)
rCorr   .          Rampage  .    b - +0 pair of gloves
Will    .....                    (no boots)
Stlth   +.........               (no amulet)
HPRegen 0.07/turn                (no ring)
MPRegen 0.08/turn                (no ring)

@: no status effects
A: no striking features
a: no special abilities


You were on level 1 of the Dungeon.
You visited 1 branch of the dungeon, and saw 1 of its levels.

You collected 10 gold pieces.

Inventory:

Hand Weapons
 a - a +0 hand axe (weapon)
Armour
 b - a +0 pair of gloves (worn)
 d - a +0 robe (worn)
Scrolls
 c - a scroll of blinking


   Skills:
 + Level 1.1 Fighting
 * Level 1.1 Axes
 + Level 3.0 Dodging
 + Level 1.1 Spellcasting
 + Level 2.0 Summonings
 + Level 1.1 Invocations
 + Level 1.1 Evocations


You had 2 spell levels left.
You knew the following spells:

 Your Spells              Type           Power      Damage    Failure   Level
a - Summon Small Mammal   Summ           24%        N/A       12%         1

Your spell library contained the following spells:

 Spells                   Type           Power      Damage    Failure   Level
 Call Imp                 Summ           6%         N/A       19%         2
 Summon Ice Beast         Ice/Summ       3%         N/A       88%         4


Dungeon Overview and Level Annotations

Branches:
Dungeon (1/15)

Altars:


Message History

A goblin is nearby!
A goblin is nearby!
A goblin is nearby!
There are no items here.
There are no items here.
There are no items here.
There are no items here.
There are no items here.
There are no items here.
There are no items here.
There are no items here.
There are no items here.
There are no items here.
There are no items here.
There are no items here.
There are no items here.
There are no items here.
There are no items here.
There are no items here.
There are no items here.
There are no items here.
There are no items here.
There are no items here.
There are no items here.
There are no items here.
There are no items here.
There are no items here.
The goblin barely misses you. The goblin hits you with a +0 club.
The kobold completely misses you. The goblin closely misses you.
The kobold closely misses you. The goblin hits you with a +0 club.
The goblin hits you with a +0 club. The kobold hits you with a +0 dagger.
The kobold closely misses you. The goblin hits you with a +0 club.
The kobold closely misses you. The goblin barely misses you.
The goblin hits you with a +0 club.
* * * LOW HITPOINT WARNING * * *
The kobold hits you with a +0 dagger.
* * * LOW HITPOINT WARNING * * *
The goblin hits you with a +0 club.
You die...

...........
#.# #
..#######.#
#.# .. ......#
# #.# ####.#
####....#
##.###.##.....
.## ...#
#......†.#).##
..## ..#
##..##....)..#
P..##.#.. #.
#....†..#
........#
######.......#
♣♣P.##..#
#..g@.....####
PP.## #
#....K.#....#
...#
###.##.#....#
..## ..
..#....# ...#
..# ...#..###
PP.# .
#...#..# ♣♣.#
....#..# ♣ .#
.........


You could see a goblin and a kobold.

Vanquished Creatures
  3 goblins (D:1)
  2 bats (D:1)
  A rat (D:1)
6 creatures vanquished.

Notes
Turn   | Place    | Note
-------+----------+-------------------------------------------
     0 | D:1      | Setbun the Human Wanderer began the quest for the Orb.
     0 | D:1      | Setbun set off with the following items: a +0 hand axe, a
                  | +0 pair of gloves, a scroll of blinking, a +0 robe; and the
                  | following spell memorised: Summon Small Mammal; and the
                  | following spells available to memorise: Call Imp, Summon
                  | Ice Beast.
     0 | D:1      | Reached XP level 1. HP: 15/15 MP: 2/2
    77 | D:1      | Reached XP level 2. HP: 19/21 MP: 3/3
    87 | D:1      | HP: 1/21 [kobold/+0 dagger (3)]
    88 | D:1      | Slain by a goblin

Illustrated notes

Levels and vault maps discovered:
D:1:      spicycebolla_arrival_clurvy, layout_basic

Action                   || total
-------------------------++-------
Melee: Hand axe          ||    11
Armor: Robe              ||     8
Dodge: Dodged            ||    13

Table legend: (Time is in decaauts)
 A = Elapsed time spent in this place.
 B = Non-inter-level travel time spent in this place.
 C = Inter-level travel time spent in this place.
 D = Time resting spent in this place.
 E = Time spent auto-exploring this place.
 F = Levels seen in this place.
 G = Mean time per level.
                   A        B        C        D        E       F      G
               +--------+--------+--------+--------+--------+-----+--------+
         Total |     90 |     90 |      0 |      0 |     50 |   1 |   90.0 |
       Dungeon |     90 |     90 |      0 |      0 |     50 |   1 |   90.0 |
               +--------+--------+--------+--------+--------+-----+--------+

Top non-repeatable levels by time:
     D:1: 90 daAuts
